 Dungeon Crawl Stone Soup version 0.27-a0-124-g19cb506db8 (webtiles) character file.

Game seed: 10679192296470621481

69048 kae the Alchemist (level 14, -9/140 HPs)
             Began as a Black Draconian Transmuter on Jan 26, 2021.
             Was a High Priest of Ru.
             Splashed by an oklob plant's acid (13 damage)
             ... on level 6 of the Lair of Beasts.
             The game lasted 00:27:13 (38600 turns).

kae the Alchemist (Black Draconian Transmuter)     Turns: 38600, Time: 00:27:13

Health: -9/140     AC: 12    Str: 15    XL:     14   Next: 88%
Magic:  24/26      EV: 17    Int: 13    God:    Ru [*****.]
Gold:   1121       SH:  0    Dex: 13    Spells: 7/30 levels left

rFire    . . .     SeeInvis .     - Unarmed
rCold    . . .     Faith    .   (no shield)
rNeg     + . .     Spirit   .   (armour unavailable)
rPois    ∞         Reflect  .   w - +0 hat
rElec    +         Harm     .   x - +0 cloak
rCorr    .         Rampage  .   (gloves currently unavailable)
Will     +....                  (boots currently unavailable)
Stlth    ..........             (no amulet)
HPRegen  0.33/turn              m - ring of wizardry
MPRegen  0.20/turn              C - +4 ring of protection

@: statue-form, corroded, flying, studying Invocations, very slow
A: (breathe lightning), unfitting armour, big wings, frail 1, screaming 1,
electricity resistance, weak 1, no potion heal 1, cold-blooded, no stealth,
inability to use devices, hated by all, no fire magic, no hexes magic, no
necromancy magic, AC +8
a: Stop Flying, End Transformation, Renounce Religion, Draw Out Power, Power
Leap, Apocalypse


You were on level 6 of the Lair of Beasts.
You worshipped Ru.
Ru was extremely pleased with you.
You were a stone statue.
You visited 3 branches of the dungeon, and saw 19 of its levels.
You also visited: Sewer, Ossuary and Ice Cave.

You collected 1836 gold pieces.
You spent 715 gold pieces at shops.

Inventory:

Armour
 w - a +0 hat (worn)
 x - a +0 cloak (worn)
 G - a +0 pair of gloves of archery (melded)
Jewellery
 m - a ring of wizardry (left hand)
 r - an uncursed ring of magical power
 v - a +4 ring of evasion
 C - a +4 ring of protection (right hand)
 D - an uncursed ring of see invisible
 E - a cursed ring of magical power
 H - a +4 ring of protection
 I - an uncursed ring of ice {unknown}
Scrolls
 a - 18 scrolls of identify
 b - 13 scrolls of remove curse
 c - 11 scrolls of teleportation
 d - a scroll of magic mapping
 f - 4 scrolls of blinking
 h - 7 scrolls of fog
 p - 5 scrolls of enchant weapon
 t - 4 scrolls of enchant armour
 y - 3 scrolls of fear
 B - 4 scrolls of amnesia
Potions
 e - 9 potions of heal wounds
 g - 7 potions of might
 i - 6 potions of flight
 k - 16 potions of curing
 l - 2 potions of berserk rage
 n - 3 potions of lignification
 o - 3 potions of mutation
 q - 4 potions of magic
 s - 4 potions of haste
 u - a potion of resistance
 z - 4 potions of brilliance
 A - 4 potions of attraction
 F - 2 potions of ambrosia
Books
 j - a manual of Invocations


   Skills:
 - Level 10.0 Fighting
 - Level 9.0 Dodging
 + Level 14.0 Unarmed Combat
 - Level 8.6 Spellcasting
 + Level 15.3 Transmutations
 - Level 4.0 Ice Magic
 - Level 2.0 Poison Magic


You had 7 spell levels left.
You knew the following spells:

 Your Spells              Type           Power        Failure   Level
a - Beastly Appendage     Tmut           90%          0%          1
b - Spider Form           Tmut/Pois      14%          1%          3
c - Ice Form              Ice/Tmut       30%          1%          4
d - Blade Hands           Tmut           22%          1%          5
e - Statue Form           Tmut/Erth      16%          32%         6
f - Petrify               Tmut/Erth      25%          2%          4

Your spell library contained the following spells:

 Spells                   Type           Power        Failure   Level
 Freeze                   Ice            64%          1%          1
 Wereblood                Tmut           45%          1%          2
 Frozen Ramparts          Ice            32%          3%          3
 Ozocubu's Armour         Ice            16%          3%          3
 Apportation              Tloc           10%          5%          1
 Magic Dart               Conj           20%          5%          1
 Blink                    Tloc           N/A          9%          2
 Mephitic Cloud           Conj/Pois/Air  7%           12%         3
 Gell's Gravitas          Tloc           2%           16%         3
 Hailstorm                Conj/Ice       10%          22%         4
 Ozocubu's Refrigeration  Ice            8%           80%         6
 Freezing Cloud           Conj/Ice/Air   4%           98%         6
 Iron Shot                Conj/Erth      2%           100%        6
 Shatter                  Erth           2%           100%        9
 Ensorcelled Hibernation  Hex/Ice        Unusable     N/A         2
 Animate Skeleton         Necr           Unusable     N/A         1
 Corona                   Hex            Unusable     N/A         1
 Summon Small Mammal      Summ           Unusable     N/A         1
 Yara's Violent Unravell  Hex/Tmut       Unusable     N/A         5
 Call Imp                 Summ           Unusable     N/A         2
 Corpse Rot               Necr/Air       Unusable     N/A         2
 Slow                     Hex            Unusable     N/A         2
 Sublimation of Blood     Necr           Unusable     N/A         2
 Confusing Touch          Hex            Unusable     N/A         3
 Conjure Flame            Conj/Fire      Unusable     N/A         3
 Dazzling Flash           Conj/Hex       Unusable     N/A         3
 Tukima's Dance           Hex            Unusable     N/A         3
 Summon Ice Beast         Ice/Summ       Unusable     N/A         4
 Dispel Undead            Necr           Unusable     N/A         4
 Leda's Liquefaction      Hex/Erth       Unusable     N/A         4
 Metabolic Englaciation   Hex/Ice        Unusable     N/A         5
 Agony                    Necr           Unusable     N/A         5
 Bolt of Magma            Conj/Fire/Erth Unusable     N/A         5
 Excruciating Wounds      Necr           Unusable     N/A         5
 Simulacrum               Ice/Necr       Unusable     N/A         6

Dungeon Overview and Level Annotations

Branches:
Dungeon (12/15)            Temple (1/1) D:6            Lair (6/6) D:10
  Swamp (0/4) Lair:4       Spider (0/4) Lair:2        Slime (0/5) Lair:6
    Orc (0/2) D:10          Sewer (visited)         Ossuary (visited)
  IceCv (visited)

Altars:
Ashenzari
Cheibriados
Dithmenos
Elyvilon
Fedhas
Gozag
Hepliaklqana
Kikubaaqudgha
Makhleb
Nemelex Xobeh
Okawaru
Qazlal
Ru
Sif Muna
Trog
Uskayaw
Vehumet
Wu Jian
Xom
Yredelemnul
Zin
The Shining One
Jiyva

Shops:
D:4 [   D:11 }   D:12 :

Annotations:
D:10 2 transporters, Red As Leokk's ghost, novice TrTm
Lair:6 exclusions: 4 doors and oklob plant


Innate Abilities, Weirdness & Mutations

((You can breathe wild blasts of lightning.))
((Your glossy black scales are hard. (AC +8)))
You cannot fit into any form of body armour.
Your large and strong wings let you fly indefinitely.
You are resistant to electric shocks. (rElec)
You are cold-blooded and may be slowed by cold attacks.
You cannot be stealthy.
You cannot study or use magical devices.
You are hated by all.
You cannot study or cast Fire magic.
You cannot study or cast Hexes magic.
You cannot study or cast Necromancy magic.
You are frail. (-10% HP)
You occasionally shout uncontrollably at your foes.
You are weak. (Str -2)
Potions are less effective at restoring your health.


Message History

The acid corrodes you!
You are splashed with acid!
* * * LOW HITPOINT WARNING * * *
You focus your inner power and blind the oklob plant in retribution!
You pummel the oklob plant!! You punch the oklob plant.
The oklob plant is heavily damaged.
You pummel the oklob plant!!
You punch the oklob plant, but do no damage.
The oklob plant is almost destroyed.
The oklob plant spits acid at you. The splash of acid hits you.
* * * LOW HITPOINT WARNING * * *
The acid corrodes you!
You are splashed with acid!
* * * LOW HITPOINT WARNING * * *
You hit the oklob plant but do no damage.
The oklob plant is almost destroyed.
The oklob plant spits acid at you. The splash of acid hits you.
* * * LOW HITPOINT WARNING * * *
You are splashed with acid!
You die...

#......P...#
##........##
####.....#..#
#.##..P..#..#
#..#....#...#
......P##...#
..#.#P.#....#######
...#####.......$.P#
..## ##.....([8(#
..# #.........(#
#.## #..........#
...# #......[.?$#
#.## #....#######
#.## #.).#.# #..#
##..### #..# ##..#
..######..#####


You could see an oklob plant (blind).

Vanquished Creatures
  Jorgrun (D:12)
  Gastronok (D:12)
  The ghost of vurker the Fighter, a journeyman FoHu of Okawaru (D:11)
  10 hydras
  A boulder beetle (Lair:6)
  8 death yaks (Lair:6)
  2 two-headed ogres
  The ghost of kae the Martial Artist, a novice OpTm of Ru (D:8)
  Sonja (Lair:3)
  An unseen horror (D:11)
  A wizard (Lair:6)
  Pikel (D:7)
  A necromancer (IceCv)
  The ghost of kae the Ruffian, a novice DrTm of Hepliaklqana (D:7)
  3 oklob plants (Lair:6)
  An ugly thing (D:12)
  A cyclops (D:12)
  7 elephants
  A manticore (D:9)
  5 black mambas
  Joseph (D:8)
  A centaur zombie (D:10)
  An ice statue (IceCv)
  11 cane toads
  Maggie (D:8)
  7 rime drakes
  11 komodo dragons
  10 freezing wraiths (IceCv)
  3 jumping spiders (Lair:2)
  4 trolls
  3 polar bears
  A tyrant leech (Lair:6)
  A dream sheep (Lair:6)
  12 blink frogs
  A shadow (D:9)
  2 redbacks (Lair:2)
  6 wyverns
  3 basilisks
  59 yaks
  2 steam dragons
  Menkaure (D:5)
  A death yak simulacrum (IceCv)
  4 swamp worms (Lair:6)
  Duvessa (D:5)
  A hell hound (Lair:6)
  16 water moccasins
  3 sky beasts
  2 black bears (D:10)
  8 orc warriors
  9 ice beasts
  6 ogres
  A phantom (D:5)
  17 wolves
  3 centaurs
  2 necrophages
  A big kobold (D:9)
  Blork the orc (D:5)
  17 bullfrogs
  A gnoll sergeant (D:7)
  A water moccasin zombie (Ossuary)
  A wyvern zombie (Ossuary)
  Dowan (D:5)
  A wyvern skeleton (D:10)
  2 scorpions
  A water moccasin skeleton (D:7)
  An elephant simulacrum (IceCv)
  13 killer bees
  10 wights
  4 howler monkeys
  4 crimson imps (D:5)
  A bullfrog zombie (D:5)
  A lava snake (Lair:1)
  A quasit (D:11)
  4 draconian simulacra (IceCv)
  4 hounds
  3 jellies
  Crazy Yiuf (D:5)
  A centaur skeleton (D:7)
  6 orc wizards
  9 orc priests
  3 bullfrog skeletons
  14 mummies (Ossuary)
  5 iguanas
  Terence (D:2)
  A merfolk siren (Sewer)
  13 worker ants
  6 hell rats (Lair:4)
  A spriggan simulacrum (IceCv)
  6 troll simulacra (IceCv)
  A merfolk avatar (Sewer)
  2 wolf simulacra (IceCv)
  3 centaur simulacra (IceCv)
  2 hound zombies (Ossuary)
  2 hound skeletons
  3 worker ant zombies
  A howler monkey zombie (Ossuary)
  2 howler monkey skeletons
  20 adders
  11 gnolls
  3 ogre simulacra (IceCv)
  2 naga simulacra (IceCv)
  3 river rats
  A shadow imp (D:8)
  26 white imps
  An ufetubus (D:7)
  2 oozes
  3 adder zombies
  4 dart slugs (D:1)
  3 worms
  8 leopard geckos
  43 orcs
  5 ball pythons
  8 giant cockroaches
  2 goblins (D:2)
  8 hobgoblins
  10 jackals
  3 quokkas
  7 bats
  12 frilled lizards
  3 jackal skeletons
  12 kobolds
  A leopard gecko skeleton (D:5)
  A leopard gecko zombie (Ossuary)
  A quokka skeleton (D:6)
  3 quokka zombies
  30 rats
656 creatures vanquished.

Vanquished Creatures (others)
  3 hydras
  A death yak (Lair:6)
  Maurice (D:8)
  A troll (D:12)
  2 yaks
  A centaur (D:8)
  A spriggan simulacrum (IceCv)
  An adder (D:11)
  A bush (Lair:6)
  47 fungi
  65 plants
  7 withered plants (Ossuary)
131 creatures vanquished.

Grand Total: 787 creatures vanquished

Notes
Turn   | Place    | Note
-------+----------+-------------------------------------------
     0 | D:1      | kae the Draconian Transmuter began the quest for the Orb.
     0 | D:1      | Reached XP level 1. HP: 16/16 MP: 3/3
   225 | D:1      | Reached XP level 2. HP: 18/23 MP: 3/5
   773 | D:1      | Reached XP level 3. HP: 28/29 MP: 4/6
  1028 | D:1      | Learned a level 3 spell: Spider Form
  1561 | D:2      | Found an ancient bone altar of Kikubaaqudgha.
  1718 | D:2      | Noticed Terence
  2184 | D:2      | Found a burning altar of Makhleb.
  2409 | D:2      | Killed Terence
  2410 | D:2      | Reached skill level 1 in Poison Magic
  2410 | D:2      | Reached XP level 4. HP: 32/35 MP: 3/7
  2767 | D:3      | Found a glowing golden altar of the Shining One.
  3727 | D:3      | Reached XP level 5. HP: 31/42 MP: 5/8
  3840 | D:3      | Reached skill level 3 in Transmutations
  4397 | D:4      | Found a shadowy altar of Dithmenos.
  4963 | D:4      | Reached XP level 6. HP: 39/50 MP: 6/10
  5206 | D:4      | Noticed an ice beast
  5484 | D:4      | Learned a level 4 spell: Ice Form
  5487 | D:4      | Found Uptutz's Antique Armour Emporium.
  5633 | D:4      | Found Uptutz's Antique Armour Emporium.
  6004 | D:4      | Found a shadowy altar of Dithmenos.
  6300 | D:4      | Killed an ice beast
  6495 | D:5      | Entered Level 5 of the Dungeon
  6495 | D:5      | Noticed Blork the orc
  6672 | D:5      | Your scales start taking on a glossy black colour.
  6672 | D:5      | Reached XP level 7. HP: 41/57 MP: 8/11
  6672 | D:5      | Gained mutation: You are resistant to electric shocks.
                  | (rElec) [Black Draconian growth]
  6716 | D:5      | Reached skill level 4 in Transmutations
  6727 | D:5      | Found a glowing drain.
  6741 | Sewer    | Entered a sewer
  7715 | D:5      | Found a shimmering altar of Xom.
  7815 | D:5      | Noticed Duvessa
  7820 | D:5      | Noticed Dowan
  7825 | D:5      | Killed Duvessa
  7828 | D:5      | Killed Dowan
  7829 | D:5      | Reached skill level 5 in Unarmed Combat
  7829 | D:5      | Reached XP level 8. HP: 56/67 MP: 10/14
  7929 | D:5      | Found a runed translucent door.
  7930 | D:5      | Noticed Crazy Yiuf
  8061 | D:5      | Noticed Menkaure
  8369 | D:5      | Killed Menkaure
  8683 | D:5      | Killed Blork the orc
  9008 | D:5      | Killed Crazy Yiuf
  9009 | D:5      | Reached skill level 5 in Fighting
  9009 | D:5      | Reached skill level 5 in Transmutations
  9321 | D:6      | Found a staircase to the Ecumenical Temple.
  9330 | D:6      | Reached skill level 5 in Spellcasting
  9468 | D:6      | Reached skill level 5 in Dodging
  9468 | D:6      | Reached XP level 9. HP: 69/74 MP: 16/16
  9523 | Temple   | Entered the Ecumenical Temple
  9656 | Temple   | Became a worshipper of Ru the Awakened
  9736 | D:6      | Found a sand-covered staircase.
  9744 | Ossuary  | Entered an ossuary
  9789 | Ossuary  | Reached skill level 1 in Ice Magic
 11322 | D:7      | Found a transporter.
 11326 | D:7      | Found a transporter.
 11471 | D:7      | Noticed Pikel
 11483 | D:7      | Killed Pikel
 11484 | D:7      | Reached skill level 6 in Transmutations
 11720 | D:7      | Gained mutation: You are hated by all. [Ru sacrifice]
 11720 | D:7      | Reached * piety under Ru
 11745 | D:7      | Found a white marble altar of Elyvilon.
 11842 | D:7      | Found an ornate altar of the Wu Jian Council.
 12246 | D:7      | Noticed a troll
 12264 | D:7      | Killed a troll
 12736 | D:7      | Found a broken altar of Ashenzari.
 12908 | D:7      | Reached XP level 10. HP: 84/84 MP: 14/18
 13280 | D:8      | Noticed Maggie
 13363 | D:8      | Noticed Maurice
 13363 | D:8      | Noticed Joseph
 13371 | D:8      | Killed Maurice
 13382 | D:8      | Killed Joseph
 13859 | D:8      | Found a runed translucent door.
 13867 | D:8      | Noticed kae's ghost (novice OpTm)
 13879 | D:8      | Learned a level 5 spell: Blade Hands
 14413 | D:8      | Found a blossoming altar of Fedhas.
 14660 | D:8      | Killed kae's ghost
 14661 | D:8      | Reached skill level 7 in Transmutations
 14958 | D:7      | Noticed kae's ghost (novice DrTm)
 15301 | D:7      | Killed kae's ghost
 15394 | D:8      | Killed Maggie
 15711 | D:9      | Noticed a manticore
 15719 | D:9      | Killed a manticore
 15945 | D:9      | Gained mutation: You cannot study or use magical devices.
                  | [Ru sacrifice]
 15945 | D:9      | Reached ** piety under Ru
 15945 | D:9      | Reached *** piety under Ru
 16499 | D:9      | Reached XP level 11. HP: 94/94 MP: 21/21
 16707 | D:9      | Found a hazy altar of Hepliaklqana.
 17117 | D:10     | Entered Level 10 of the Dungeon
 17707 | D:10     | Reached skill level 8 in Transmutations
 17866 | D:10     | Noticed Red As Leokk's ghost (novice TrTm)
 17958 | D:10     | Found a staircase to the Lair.
 18233 | D:10     | Found a transporter.
 18275 | D:10     | Found a transporter.
 18570 | D:10     | Gained mutation: You cannot study or cast Fire magic. [Ru
                  | sacrifice]
 18570 | D:10     | Gained mutation: You cannot study or cast Hexes magic. [Ru
                  | sacrifice]
 18570 | D:10     | Gained mutation: You cannot study or cast Necromancy magic.
                  | [Ru sacrifice]
 18570 | D:10     | Reached **** piety under Ru
 18853 | D:10     | Found a staircase to the Orcish Mines.
 19054 | D:11     | Found a runed translucent door.
 19384 | D:11     | Found Otuufed's Gadget Boutique.
 19767 | D:11     | Noticed vurker's ghost (journeyman FoHu)
 19825 | D:11     | Noticed a two-headed ogre
 19832 | D:11     | Killed a two-headed ogre
 19950 | D:11     | Killed vurker's ghost
 20434 | D:12     | Noticed Gastronok
 20547 | D:12     | Killed Gastronok
 20548 | D:12     | Reached XP level 12. HP: 105/105 MP: 21/24
 20580 | D:12     | Reached skill level 9 in Transmutations
 20616 | D:12     | Found Neef's Book Emporium.
 20618 | D:12     | Noticed Jorgrun
 20654 | D:12     | Killed Jorgrun
 20782 | D:12     | Bought a book of the Earth for 715 gold pieces
 20892 | D:12     | Noticed a two-headed ogre
 20898 | D:12     | Killed a two-headed ogre
 21216 | D:12     | Reached skill level 10 in Fighting
 21890 | D:12     | Learned a level 6 spell: Statue Form
 21895 | D:12     | Learned a level 4 spell: Petrify
 21958 | Lair:1   | Entered Level 1 of the Lair of Beasts
 22392 | Lair:1   | Noticed a five-headed hydra
 22399 | Lair:1   | Killed an eight-headed hydra
 22400 | Lair:1   | Reached skill level 10 in Unarmed Combat
 22403 | Lair:1   | Gained mutation: You cannot be stealthy. [Ru sacrifice]
 22403 | Lair:1   | Reached ***** piety under Ru
 23135 | Lair:2   | Noticed an eight-headed hydra
 23145 | Lair:2   | Killed an eight-headed hydra
 23964 | Lair:2   | Found a hole to the Spider Nest.
 23973 | Lair:2   | Reached skill level 10 in Transmutations
 24874 | Lair:2   | Noticed a five-headed hydra
 24880 | Lair:2   | Killed a five-headed hydra
 24881 | Lair:2   | Reached XP level 13. HP: 113/113 MP: 17/25
 25568 | Lair:3   | Noticed Sonja
 25577 | Lair:3   | Killed Sonja
 27819 | Lair:4   | Reached skill level 11 in Transmutations
 28035 | Lair:4   | Found a staircase to the Swamp.
 28774 | Lair:4   | Reached skill level 12 in Transmutations
 30588 | Lair:5   | Reached skill level 13 in Transmutations
 31669 | Lair:5   | Gained mutation: Your large and strong wings let you fly
                  | indefinitely. [Black Draconian growth]
 31669 | Lair:5   | Reached XP level 14. HP: 121/121 MP: 20/26
 31886 | Lair:6   | Entered Level 6 of the Lair of Beasts
 32052 | Lair:6   | Reached skill level 14 in Transmutations
 32069 | Lair:6   | Found a frozen archway.
 32086 | IceCv    | Entered an ice cave
 32666 | IceCv    | Gained mutation: You are frail. (-10% HP) [mutagenic glow]
 32680 | IceCv    | Gained mutation: Potions are less effective at restoring
                  | your health. [mutagenic glow]
 32697 | IceCv    | Gained mutation: You are weak. (Str -2) [mutagenic glow]
 32705 | IceCv    | Gained mutation: You occasionally shout uncontrollably at
                  | your foes. [mutagenic glow]
 33194 | IceCv    | Found an ancient bone altar of Kikubaaqudgha.
 35366 | Lair:6   | Found a viscous altar of Jiyva.
 35366 | Lair:6   | Found a staircase to the Slime Pits.
 36389 | Lair:6   | Reached skill level 15 in Transmutations
 38600 | Lair:6   | HP: 4/140 [oklob plant/splash of acid (6)]
 38600 | Lair:6   | Splashed by an oklob plant's acid

Illustrated notes

Levels and vault maps discovered:
D:1:      dpeg_arrival_rooms_with_view, layout_loops_ring, minivault_27,
          chequers_mini_garden
D:2:      layout_basic, general_overflow_altar, kiku_gazebo_pond_becter,
          serial_corexii_hall, chequers_hall_statues_corner_a,
          corexii_hall_statues_l, hangedman_decor_riveting, uniq_terence
D:3:      layout_basic, amcnicky_altar_gilded
D:4:      layout_loops_corners, overflow_temple_1_default, serial_shops, shop
D:5:      layout_basic, led_xom_imps, portal_sewer_entry_a, uniq_blork_the_orc,
          uniq_menkaure, uniq_duvessa, uniq_crazy_yiuf_cottage
D:6:      layout_basic, minmay_temple_entry_overgrown,
          nicolae_ossuary_entry_plus, ebering_dispersal_statue_hall,
          hangedman_abyss_or_decor_slice, minmay_holes,
          kennysheep_big_empty_room, st_stairs_2
D:7:      layout_loops_corners, elyvilon_altar_4, basic_altar,
          gammafunk_ghost_hive, evilmike_ruin_ashenzari, uniq_pikel
D:8:      layout_loops_corners, ebering_ghost_reflecting_pool, fedhas_altar_4,
          uniq_maurice, uniq_maggie, uniq_joseph
D:9:      layout_irregular_city, marbit_many_paths
D:10:     layout_roguey, david_lair_generic, david_orc_4,
          gammafunk_ghost_stat_death, minivault_14
D:11:     layout_cross, serial_shops, nicolae_shop_trees,
          ebering_ghost_reflecting_pool
D:12:     layout_layer_cave, serial_shops, shop, uniq_jorgrun, uniq_gastronok
Temple:   eino_temple_rhombus
Lair:1:   layout_gridlike
Lair:2:   layout_regular_city, nicolae_spider_entry_tight_spaces,
          serial_bayou_ford_a
Lair:3:   layout_long_grid, chequers_serial_rivers_micro_a,
          chequers_serial_rivers_small_3, chequers_serial_rivers_small_a,
          chequers_serial_rivers_micro_d, hangedman_lair_generics_rect,
          infiniplex_staircase_pool_2, uniq_sonja
Lair:4:   layout_cellular_growth, swamp_mist, lemuel_fruit_fields
Lair:5:   layout_cave_pods
Lair:6:   evil_forest, layout_loops_ring, dpeg_slime_entry_enclosed_altar,
          portal_ice_cave_entry_imps, worms_lemuel, minmay_lair_oklob_chamber

Skill      XL: |  1  2  3  4  5  6  7  8  9 10 11 12 13 14 |
---------------+-------------------------------------------+-----
Dodging        | 2 3 4 5 6 8 9 |  9.0
Fighting       | 2 3 4 5 6 8 9 10 | 10.0
Poison Magic   | 1 2 |  2.0
Transmutations | 3 4 5 6 7 8 10 13 15 | 15.3
Spellcasting   | 3 4 5 6 8 |  8.6
Unarmed Combat | 4 5 6 7 9 11 12 14 | 14.0
Ice Magic      | 4 |  4.0

Action                   |  1- 3 |  4- 6 |  7- 9 | 10-12 | 13-15 || total
-------------------------+-------+-------+-------+-------+-------++-------
Melee: Unarmed           |   131 |   243 |   453 |   558 |   734 ||  2119
       Kick              |    17 |    25 |     2 |     6 |       ||    50
       Tailslap          |    11 |    16 |    19 |    39 |    78 ||   163
       Headbutt          |     7 |    13 |     2 |     3 |       ||    25
       Punch             |       |       |     6 |    10 |    34 ||    50
 Cast: Beastly Appendage |    25 |    18 |     1 |     3 |       ||    47
       Spider Form       |     1 |     8 |    23 |       |       ||    32
       Ice Form          |       |     1 |    42 |    32 |    28 ||   103
       Blade Hands       |       |       |       |    49 |    41 ||    90
       Petrify           |       |       |       |     6 |       ||     6
       Statue Form       |       |       |       |       |    11 ||    11
Invok: Sacrifice Love    |       |       |     1 |       |       ||     1
       Sacrifice Artific |       |       |       |     1 |       ||     1
       Sacrifice Arcana  |       |       |       |     1 |       ||     1
       Reject Sacrifices |       |       |       |     1 |     1 ||     2
       Sacrifice Stealth |       |       |       |     1 |       ||     1
       Power Leap        |       |       |       |       |     1 ||     1
       Draw Out Power    |       |       |       |       |     1 ||     1
 Abil: Breathe Lightning |       |       |     1 |     1 |       ||     2
       Fly               |       |       |       |       |     1 ||     1
  Use: Scroll            |       |    16 |     8 |     4 |     5 ||    33
       Potion            |       |       |     2 |       |       ||     2
 Stab: Sleeping          |       |     1 |       |       |       ||     1
       Distracted        |       |       |     1 |       |     2 ||     3
       Invisible         |       |       |       |     2 |     4 ||     6
       Paralysed         |       |       |       |       |     1 ||     1
Armor: Skin              |    45 |    52 |    43 |   109 |   200 ||   449
Dodge: Dodged            |    72 |   187 |   375 |   534 |   631 ||  1799

Table legend: (Time is in decaauts)
 A = Elapsed time spent in this place.
 B = Non-inter-level travel time spent in this place.
 C = Inter-level travel time spent in this place.
 D = Time resting spent in this place.
 E = Time spent auto-exploring this place.
 F = Levels seen in this place.
 G = Mean time per level.
                   A        B        C        D        E       F      G
               +--------+--------+--------+--------+--------+-----+--------+
         Total |  38579 |  37594 |    985 |   5863 |  26643 |  22 | 1753.6 |
       Dungeon |  20113 |  19271 |    842 |   2080 |  14407 |  12 | 1676.1 |
        Temple |    139 |    134 |      5 |      0 |    109 |   1 |  139.0 |
          Lair |  14516 |  14379 |    137 |   2707 |  10369 |   6 | 2419.3 |
         Sewer |    904 |    904 |      0 |    103 |    517 |   1 |  904.0 |
       Ossuary |    774 |    774 |      0 |     11 |    529 |   1 |  774.0 |
      Ice Cave |   2131 |   2131 |      0 |    962 |    709 |   1 | 2131.0 |
               +--------+--------+--------+--------+--------+-----+--------+

Top non-repeatable levels by time:
  Lair:6: 4316 daAuts
     D:4: 2893 daAuts
  Lair:5: 2612 daAuts
     D:8: 2379 daAuts
  Lair:3: 2377 daAuts
     D:7: 2203 daAuts
  Lair:2: 2140 daAuts
   IceCv: 2131 daAuts
    D:10: 1939 daAuts
  Lair:4: 1903 daAuts
     D:1: 1515 daAuts
     D:3: 1470 daAuts
    D:11: 1450 daAuts
    D:12: 1420 daAuts
     D:6: 1322 daAuts
